 Dungeon Crawl Stone Soup version 0.20.1-1-g8b1a95d (console) character file.

8672 hilaritas the Grappler (level 11, -1/107 HPs)
             Began as a Troll Fighter on Jan 20, 2018.
             Was an Elder of Okawaru.
             Slain by Urug
             ... wielding a +5 battleaxe of chopping
              (8 damage)
             ... on level 10 of the Dungeon.
             The game lasted 00:26:50 (7999 turns).

hilaritas the Grappler (Troll Fighter)              Turns: 7999, Time: 00:26:51

Health: -1/107     AC:  6    Str: 27    XL:     11   Next: 13%
Magic:  12/14      EV: 14    Int:  6    God:    Okawaru [****..]
Gold:   531        SH: 14    Dex:  9    Spells: 10/10 levels left

rFire    . . .     SeeInvis .     - Unarmed
rCold    . . .     Gourm    +   b - +1 shield
rNeg     + . .     Faith    .   K - +1 robe {MR+}
rPois    .         Spirit   .   (helmet restricted)
rElec    .         Reflect  .   (no cloak)
rCorr    .         Harm     .   (gloves unavailable)
MR       +....                  (boots unavailable)
Stlth    +++.......             m - amulet of regeneration
Regen    1.1/turn               x - ring of positive energy
MPRegen  0.2/turn               (no ring)

@: heroism
A: unfitting armour, claws 3, fast metabolism 3, gourmand, regeneration 1,
shaggy fur 1, tough skin 2
a: Heroism, Renounce Religion


You were on level 10 of the Dungeon.
You worshipped Okawaru.
Okawaru was greatly pleased with you.
You were completely stuffed.

You visited 2 branches of the dungeon, and saw 11 of its levels.

You collected 651 gold pieces.
You spent 120 gold pieces at shops.

Inventory:

Hand Weapons
 Q - a +4 scimitar of flaming
Missiles
 g - 116 arrows
 j - 7 steel javelins (quivered)
 N - 6 javelins
 O - 8 javelins of returning
Armour
 b - a +1 shield (worn)
 K - a +1 robe of magic resistance (worn)
Jewellery
 e - an uncursed ring of wizardry
 l - an uncursed ring of ice
 m - an amulet of regeneration (around neck)
 u - an uncursed ring of magical power
 x - a ring of positive energy (left claw)
 D - an uncursed ring of resist corrosion
Wands
 p - a wand of confusion (18/48)
 t - a wand of random effects (11/48)
 y - a wand of confusion (31/48)
 A - a wand of flame (12/48)
 E - a wand of iceblast (6/15)
 F - a wand of random effects (26/48)
 H - a wand of scattershot (2/9)
 I - a wand of flame (16/48)
 L - a wand of polymorph (6/24)
 M - a wand of acid (4/15)
Scrolls
 f - 7 scrolls of remove curse
 q - 6 scrolls of teleportation
 v - a scroll of amnesia
 w - a scroll of magic mapping
 G - a scroll of recharging
Potions
 a - a potion of haste
 c - 2 potions of might
 h - a potion of agility
 n - 4 potions of curing
 o - 3 potions of cancellation
 r - 3 potions of resistance
 z - a potion of mutation
 B - a potion of heal wounds
 C - 3 potions of ambrosia
Comestibles
 d - 11 bread rations
 i - 6 meat rations
 k - 7 chunks of flesh
 s - 5 royal jellies
 J - 9 fruits


   Skills:
 * Level 6.7(11.7) Fighting
 + Level 5.6(10.6) Dodging
 + Level 7.6(12.6) Shields
 - Level 10.0(15.0) Unarmed Combat
 * Level 5.6 Invocations


You had 10 spell levels left.
You didn't know any spells.

Dungeon Overview and Level Annotations

Branches:
Dungeon (10/15)            Temple (1/1) D:6            Lair (0/6) D:10
    Orc: D:9-12

Altars:
Ashenzari
Cheibriados
Dithmenos
Elyvilon
Gozag
Makhleb
Nemelex Xobeh
Okawaru
Ru
Trog
Uskayaw
Yredelemnul
The Shining One

Shops:
D:4 !   D:8 %   D:10 (

Annotations:
D:10 Urug


Innate Abilities, Weirdness & Mutations

You are too large for most types of armour.
You have claws for hands.
Your metabolism is lightning-fast.
You like to eat raw meat.
Your natural rate of healing is unusually fast.
You are covered in fur. (AC +1)
You have very tough skin. (AC +2)


Message History

Found a royal jelly.
Found a staircase to the Lair.
You see here a javelin.
Unknown command.
Urug throws a javelin.
The javelin hits you!!
You see here a javelin.
Urug throws a javelin.
You block the javelin.
You see here a javelin.
Urug hits you with a battleaxe of chopping!!
You hear an angry hiss.
You barely miss Urug. You mangle Urug!!
Urug is heavily wounded.
Urug hits you with a battleaxe of chopping!!
You barely miss Urug.
Urug is moderately wounded.
A komodo dragon comes into view.
You gain the combat prowess of a mighty hero.
Urug hits you with a battleaxe of chopping!!
* * * LOW HITPOINT WARNING * * *
You die...

......# #..# #..# #..#
####..# #..# #..# #..#
#..# #..# #..####..#
#..# #..# #........#
#..### #### #
############ ####....#
##### ##. ##.####
........#
#.>..##.###..#..# ###
......<.#
#........(.#...## #..
####....#
##......#.....##.###
#....#
#.#.(((......÷..###.
#....#
#.o@###...#......†..
#....#
#%..#####†.#..###..†..
#....# #.l#
#.#.#####.#.### ######
## ##[#.# ###..##
##### ####


You could see Urug and a komodo dragon (wandering).

Vanquished Creatures
  A two-headed ogre (D:10)
  The ghost of hilaritas the Geomancer, a novice DgEE (D:8)
  The ghost of hilaritas the Grappler, a novice TrBe of Trog (D:4)
  A komodo dragon (D:10)
  An efreet (D:10)
  3 hippogriffs
  A fire bat (shapeshifter) (D:10)
  3 yaks (D:10)
  2 hungry ghosts
  2 wyverns (D:10)
  A basilisk (D:10)
  A swamp drake (D:10)
  3 phantoms
  4 orc warriors
  2 sky beasts (D:10)
  2 black bears
  4 ogres
  3 centaurs
  2 crocodiles
  3 big kobolds
  Blork the orc (D:4)
  2 bullfrogs (D:7)
  A gnoll sergeant (D:5)
  6 scorpions
  8 killer bees
  5 wights (D:10)
  2 howler monkeys
  A quasit (D:9)
  A centaur zombie (D:10)
  4 hounds
  A bullfrog zombie (D:9)
  6 orc priests
  3 jellies
  4 bullfrog skeletons
  A centaur skeleton (D:7)
  4 iguanas
  12 orc wizards
  7 worker ants
  A hound skeleton (D:4)
  A worker ant zombie (D:10)
  Robin (D:3)
  8 gnolls
  14 adders
  2 shadow imps
  An ooze (D:3)
  2 adder skeletons
  An adder zombie (D:8)
  4 worms
  4 dart slugs
  5 leopard geckos
  48 orcs
  9 bats
  10 giant cockroaches
  16 goblins
  14 hobgoblins
  7 jackals
  16 kobolds
  4 quokkas
  3 ball pythons
  5 frilled lizards
  A quokka skeleton (D:5)
  A quokka zombie (D:5)
  5 rats
293 creatures vanquished.

Notes
Turn   | Place    | Note
-------+----------+-------------------------------------------
     0 | D:1      | hilaritas the Troll Fighter began the quest for the Orb.
     0 | D:1      | Reached XP level 1. HP: 22/22 MP: 0/0
   201 | D:1      | Reached XP level 2. HP: 29/29 MP: 1/1
   559 | D:1      | Found a shattered altar of Ashenzari.
   932 | D:2      | Reached XP level 3. HP: 36/36 MP: 2/2
   983 | D:2      | Reached skill level 3 in Unarmed Combat
  1305 | D:3      | Reached XP level 4. HP: 44/44 MP: 3/3
  1479 | D:3      | Noticed Robin
  1496 | D:3      | Reached skill level 4 in Unarmed Combat
  1511 | D:3      | Killed Robin
  1566 | D:3      | Reached XP level 5. HP: 53/53 MP: 4/4
  2113 | D:4      | Reached skill level 5 in Unarmed Combat
  2113 | D:4      | Reached XP level 6. HP: 53/61 MP: 5/5
  2207 | D:4      | Noticed hilaritas's ghost (novice TrBe)
  2252 | D:4      | HP: 3/61 [hilaritas's ghost (13)]
  2254 | D:4      | Killed hilaritas's ghost
  2254 | D:4      | Reached skill level 7 in Unarmed Combat
  2254 | D:4      | Reached XP level 7. HP: 4/67 MP: 6/6
  2385 | D:4      | Noticed Blork the orc
  2394 | D:4      | Killed Blork the orc
  2394 | D:4      | Reached XP level 8. HP: 41/78 MP: 7/7
  2456 | D:4      | Found Guofuih's Distillery.
  2465 | D:4      | Bought a potion of haste for 120 gold pieces
  2728 | D:4      | Reached skill level 8 in Unarmed Combat
  2867 | D:5      | Entered Level 5 of the Dungeon
  3541 | D:5      | Reached skill level 9 in Unarmed Combat
  4181 | D:6      | Found a staircase to the Ecumenical Temple.
  4189 | Temple   | Entered the Ecumenical Temple
  4261 | Temple   | Became a worshipper of Warmaster Okawaru
  4502 | D:7      | Noticed a hippogriff
  4520 | D:7      | Killed a hippogriff
  4520 | D:7      | Reached skill level 10 in Unarmed Combat
  4520 | D:7      | Reached XP level 9. HP: 49/85 MP: 8/8
  4590 | D:7      | Reached skill level 1 in Invocations
  5002 | D:7      | Reached * piety under Okawaru
  5011 | D:7      | Reached skill level 5 in Shields
  5087 | D:7      | Reached skill level 5 in Fighting
  5402 | D:8      | Noticed hilaritas's ghost (novice DgEE)
  5416 | D:8      | Killed hilaritas's ghost
  5466 | D:8      | Reached ** piety under Okawaru
  5742 | D:8      | Reached XP level 10. HP: 96/96 MP: 11/11
  5904 | D:8      | Found Bomn's Food Shop.
  6102 | D:8      | Reached *** piety under Okawaru
  6937 | D:10     | Entered Level 10 of the Dungeon
  7107 | D:10     | Noticed a two-headed ogre
  7121 | D:10     | Killed a two-headed ogre
  7121 | D:10     | Reached **** piety under Okawaru
  7156 | D:10     | Reached skill level 5 in Invocations
  7220 | D:10     | Reached skill level 5 in Dodging
  7316 | D:10     | Found a shadowy altar of Dithmenos.
  7383 | D:10     | Received a gift from Okawaru
  7547 | D:10     | Reached XP level 11. HP: 107/107 MP: 14/14
  7638 | D:10     | Found Ewiuni's Weapon Shoppe.
  7980 | D:10     | Noticed Urug
  7992 | D:10     | Found a staircase to the Lair.
  7999 | D:10     | HP: 7/107 [Urug/battleaxe of chopping (29)]
  7999 | D:10     | Slain by Urug

Skill      XL: |  1  2  3  4  5  6  7  8  9 10 |
---------------+-------------------------------+-----
Unarmed Combat | 3 4 5 7 10 | 10.0
Shields        | 3 4 5 7 |  7.6
Fighting       | 3 4 5 6 |  6.7
Invocations    | 3 5 |  5.6
Dodging        | 3 5 |  5.6

Action                   |  1- 3 |  4- 6 |  7- 9 | 10-12 || total
-------------------------+-------+-------+-------+-------++-------
Melee: Unarmed           |   124 |   185 |   292 |   305 ||   906
Throw: Tomahawk          |       |       |     6 |       ||     6
       Javelin           |       |       |       |     4 ||     4
Invok: Heroism           |       |       |       |     3 ||     3
  Use: Scroll            |     5 |     5 |     6 |    11 ||    27
       Potion            |       |     2 |     1 |     1 ||     4
 Stab: Sleeping          |     1 |       |     1 |       ||     2
  Eat: Chunk             |    18 |     8 |    33 |    25 ||    84
Armor: Robe              |    40 |    47 |    50 |    31 ||   168
Dodge: Dodged            |    36 |    47 |    68 |   108 ||   259
Block: Shield            |    45 |    83 |   122 |   171 ||   421
